 Dungeon Crawl Stone Soup version 0.26-a0-540-g8a0c9464d7 (webtiles) character file.

Game seed: 16731801143235690459

101956 Alarkh the Martial Artist (level 15, -6/105 HPs)
             Began as a Demonspawn Chaos Knight on Aug 18, 2020.
             Was a Plaything of Xom.
             Mangled by a shambling mangrove (11 damage)
             ... on level 1 of the Swamp on Aug 23, 2020.
             The game lasted 01:00:50 (25487 turns).

Alarkh the Martial Artist (DsCK)                   Turns: 25487, Time: 01:00:51

Health: -6/105     AC: 18    Str: 15    XL:     15   Next: 84%
Magic:  29/29      EV: 17    Int: 19    God:    Xom [.*....]
Gold:   1857       SH: 13    Dex: 17    Spells: 22/29 levels left

rFire    + . .     SeeInvis +     - Unarmed
rCold    + + .     Faith    .   b - +2 buckler {rC+}
rNeg     . . .     Spirit   .   K - +2 troll leather armour {Snorg}
rPois    .         Reflect  +   (helmet restricted)
rElec    .         Harm     .   c - +2 cloak
rCorr    .                      D - +0 pair of gloves
MR       +....                  R - +1 pair of boots
Stlth    +.........             I - amulet of reflection
HPRegen  0.67/turn              G - +4 ring of evasion
MPRegen  0.21/turn              t - ring of protection from cold

@: grasped by roots, slowed, constricted, very slow
A: antennae 1, talons 2, iridescent scales 2, see invisible, agile 2, blink,
fire resistance 1, frail 1, high mp 1, ignite blood, mutation resistance 1,
powered by death 1, strong 1, flame cloud immunity
a: Blink, Renounce Religion


You were on level 1 of the Swamp.
You worshipped Xom.
You were a plaything of Xom.
You visited 5 branches of the dungeon, and saw 25 of its levels.
You also visited: Ice Cave.

You collected 3289 gold pieces.
You spent 1432 gold pieces at shops.

Inventory:

Hand Weapons
 x - the +8 lance "Wyrmbane" {slay drac, rPois rF+ rC+ AC+3}
   (You bought it in a shop on level 2 of the Orcish Mines)

   It affects your AC (+3).
   It protects you from fire.
   It protects you from cold.
   It protects you from poison.
Armour
 b - a +2 buckler of cold resistance (worn)
 c - a +2 cloak (worn)
 i - a +2 buckler
 D - a +0 pair of gloves (worn)
 K - a +2 troll leather armour (worn) {Snorg}
 R - a +1 pair of boots (worn)
Jewellery
 g - a +6 ring of dexterity
 k - an uncursed ring of flight
 t - a ring of protection from cold (right hand)
 u - an uncursed ring of resist corrosion
 E - a +4 ring of protection
 G - a +4 ring of evasion (left hand)
 I - an amulet of reflection (around neck)
 L - an uncursed ring of magical power
Wands
 a - a wand of polymorph (10)
 m - a wand of enslavement (3)
 p - a wand of flame (30)
 w - a wand of iceblast (22)
 A - a wand of paralysis (2)
 T - a wand of disintegration (9)
 V - a wand of random effects (23)
 W - a wand of digging (5)
Scrolls
 d - 6 scrolls of enchant weapon
 f - 4 scrolls of blinking
 h - a scroll of identify
 j - 3 scrolls of immolation {unknown}
 n - 3 scrolls of torment {unknown}
 o - a scroll of brand weapon
 q - 2 scrolls of fog
 s - a scroll of enchant armour
 y - 4 scrolls of fear
 z - 3 scrolls of magic mapping {unknown}
 F - 7 scrolls of remove curse
 P - a scroll of teleportation
Potions
 e - a potion of berserk rage
 l - 4 potions of flight
 r - 8 potions of cancellation
 v - 3 potions of heal wounds
 B - 3 potions of curing
 C - a potion of might
 H - a potion of ambrosia
 J - 3 potions of haste
 N - 2 potions of magic
 S - 2 potions of stabbing
 U - 3 potions of brilliance
Miscellaneous
 M - a phantom mirror
 Y - a lightning rod (1/4)


   Skills:
 + Level 10.9 Fighting
 * Level 3.4 Polearms
 + Level 7.3 Armour
 + Level 7.1 Dodging
 + Level 8.7 Shields
 + Level 14.6 Unarmed Combat
 + Level 7.9 Spellcasting
 - Level 4.0 Conjurations
 - Level 4.0 Fire Magic
 + Level 8.6 Poison Magic
 + Level 6.0 Evocations


You had 22 spell levels left.
You knew the following spells:

 Your Spells              Type           Power        Failure   Level
a - Olgreb's Toxic Radia  Pois           #####...     3%          4
b - Conjure Flame         Conj/Fire      ###.....     6%          3

Your spell library contained the following spells:

 Spells                   Type           Power        Failure   Level
 Sting                    Tmut/Pois      ###.         1%          1
 Magic Dart               Conj           ###.         2%          1
 Poisonous Vapours        Pois/Air       ###...       2%          2
 Ignite Poison            Fire/Tmut/Pois ###.....     6%          3
 Mephitic Cloud           Conj/Pois/Air  ###.....     6%          3
 Animate Skeleton         Necr           #.....       11%         1
 Apportation              Tloc           #.....       11%         1
 Corona                   Hex            #......      11%         1
 Summon Small Mammal      Summ           #...         11%         1
 Static Discharge         Conj/Air       ###.....     14%         3
 Blink                    Tloc           N/A          17%         2
 Call Imp                 Summ           #.......     17%         2
 Slow                     Hex            #.......     17%         2
 Lesser Beckoning         Tloc           #.........   32%         3
 Tukima's Dance           Hex            #.......     32%         3
 Alistair's Intoxication  Tmut/Pois      ###......    45%         5
 Cause Fear               Hex            #.........   73%         4
 Lightning Bolt           Conj/Air       ###.......   80%         5
 Silence                  Hex/Air        #.........   97%         5
 Yara's Violent Unravell  Hex/Tmut       #.........   97%         5
 Invisibility             Hex            #.......     100%        6
 Discord                  Hex            #.........   100%        8
 Ignition                 Fire           ###.......   100%        8
 Shatter                  Erth           #.........   100%        9
 Tornado                  Air            #.........   100%        9


Dungeon Overview and Level Annotations

Branches:
Dungeon (15/15)            Temple (1/1) D:4            Lair (6/6) D:8
  Swamp (1/4) Lair:4       Spider (0/4) Lair:4        Slime (0/5) Lair:5
    Orc (2/2) D:10            Elf (0/3) Orc:2        Vaults (0/5) D:14
 Depths (0/5) D:15          IceCv (visited)

Altars:
Ashenzari
Cheibriados
Dithmenos
Elyvilon
Fedhas
Gozag
Hepliaklqana
Kikubaaqudgha
Makhleb
Nemelex Xobeh
Okawaru
Qazlal
Ru
Sif Muna
Trog
Uskayaw
Vehumet
Wu Jian
Xom
Yredelemnul
Zin
The Shining One
Beogh
Jiyva

Shops:
Orc:1 (   Orc:2 (=!*?

Portals:
Abyss: D:12

Annotations:
D:7 1 runed translucent door
D:12 2 transporters, Oghaenk's ghost, journeyman GrBe


Innate Abilities, Weirdness & Mutations

You have razor-sharp toenails.
You are mostly covered in iridescent scales. (AC +4)
Your flesh is heat resistant. (rF+)
Your demonic aura causes spilled blood to erupt in flames.
You regenerate a little health from kills.
You are immune to clouds of flame.
You have a pair of small antennae on your head.
You have supernaturally acute eyesight. (SInv)
You are very agile. (Dex +4)
You can translocate small distances at will.
You are frail. (-10% HP)
You have an increased reservoir of magic. (+10% MP)
You are somewhat resistant to further mutation.
Your muscles are strong. (Str +2)


Message History

You hit the shambling mangrove but do no damage.
The shambling mangrove is severely damaged.
The shambling mangrove misses you.
* * * LOW HITPOINT WARNING * * *
The grasping roots constrict you. You block the hornet's attack.
You hit the shambling mangrove.
The shambling mangrove is severely damaged.
The hornet stings you.
* * * LOW HITPOINT WARNING * * *
You feel yourself slow down. The hornet stings you.
* * * LOW HITPOINT WARNING * * *
You feel as though you will be slow longer.
As you read the scroll of fear, it crumbles to dust.
You assume a fearsome visage.
The hornet looks frightened! x3
The shambling mangrove is unaffected.
You block the shambling mangrove's attack.
* * * LOW HITPOINT WARNING * * *
The grasping roots constrict you!
You block the shambling mangrove's attack.
You die...

♣≈ ...≈.. ♣≈♣≈≈... ♣§..≈≈.♣♣
≈§.≈§≈.♣ ♣♣≈≈..y≈♣ ♣♣♣♣♣♣
♣♣♣≈♣..≈≈.♣
♣...♣.♣♣♣♣♣.y≈.≈≈≈♣.♣♣
♣≈.≈≈.♣♣≈≈y≈≈f@≈≈≈..♣
♣♣.≈...[.≈.≈≈♣≈≈.≈♣.♣♣
♣♣♣.≈≈.≈♣....≈≈≈≈§..♣
♣.≈≈.≈≈≈≈[≈≈≈.≈≈≈.♣
♣♣.≈.≈≈..≈≈§≈≈≈≈≈≈.♣♣
♣..≈.≈.♣♣♣.≈≈≈.≈≈...♣♣
♣.≈≈.≈.♣ ♣.≈≈......♣.♣ §≈.♣
♣.≈.(♣.♣ ♣≈...≈≈≈.♣.♣♣ ≈≈.♣
♣^≈.♣≈.♣♣♣♣.......≈..♣♣♣≈≈.♣♣


You could see a shambling mangrove and 3 hornets.

Vanquished Creatures
  2 orc warlords
  A reaper (IceCv)
  Nessos (D:13)
  A dire elephant (Lair:6)
  An ettin (Orc:1)
  Snorg (D:14)
  An ice dragon (D:14)
  2 hydras
  3 catoblepae
  3 centaur warriors
  A tengu warrior (D:15)
  The ghost of Xedacum the Cleaver, a novice MiBe of Trog (Lair:1)
  A two-headed ogre (D:13)
  7 death yaks (Lair:6)
  Nergalle (Orc:1)
  Urug (Lair:4)
  4 orc high priests (Orc:2)
  A deep troll (D:15)
  3 unseen horrors
  A lindwurm (Lair:4)
  An orc knight (Orc:1)
  A deep elf mage (D:14)
  6 cyclopes
  5 manticores
  2 orc sorcerers (Orc:2)
  5 ugly things
  11 elephants
  6 black mambas
  2 ice statues (IceCv)
  2 centaur zombies
  A cane toad (shapeshifter) (Swamp:1)
  A rime drake (Lair:2)
  5 komodo dragons
  A torpor snail (Lair:6)
  8 cane toads
  2 yaktaurs (D:15)
  8 ice devils (IceCv)
  An efreet (D:14)
  A kobold demonologist (D:15)
  6 meliai
  A tengu conjurer (D:15)
  6 trolls
  4 hornets
  A polar bear (Lair:4)
  2 wolf spider simulacra
  18 blink frogs
  5 tyrant leeches
  12 hippogriffs
  A bog body (Swamp:1)
  8 slime creatures
  12 dream sheep
  A shadow (D:9)
  A spriggan (Swamp:1)
  A wyvern (D:12)
  A wraith (D:14)
  32 yaks
  4 basilisks
  A warg (Orc:2)
  4 soldier ants (D:7)
  3 insubstantial wisps (Swamp:1)
  3 swamp worms (Lair:4)
  13 water moccasins
  6 porcupines
  33 orc warriors
  3 ice beasts
  3 sky beasts
  3 black bears
  A boggart (Orc:2)
  A necrophage (D:13)
  2 phantoms
  4 wolves
  6 centaurs
  11 ogres
  11 crocodiles
  5 big kobolds
  6 bullfrogs
  A water moccasin zombie (D:10)
  19 killer bees
  3 scorpions
  9 wights
  A howler monkey (D:4)
  2 electric eels
  4 crimson imps (D:5)
  3 quasits (D:5)
  2 bullfrog zombies (D:12)
  6 hounds
  3 jellies
  Crazy Yiuf (D:2)
  A gnoll shaman (Orc:2)
  2 bullfrog skeletons
  35 orc priests
  5 centaur skeletons
  2 iguanas
  9 worker ants
  40 orc wizards
  A hound skeleton (D:7)
  17 adders
  6 gnolls
  A shadow imp (D:5)
  10 white imps
  6 ufetubi
  An ooze (D:3)
  2 adder skeletons
  An adder zombie (D:9)
  5 worms
  3 dart slugs
  5 leopard geckos
  91 orcs
  6 bats
  4 giant cockroaches
  14 goblins
  7 hobgoblins
  8 jackals
  3 quokkas
  2 ball pythons (D:1)
  4 frilled lizards
  13 kobolds
  8 rats
  A butterfly (Lair:1)
  2 fungi (Lair:6)
  A plant (Lair:6)
711 creatures vanquished.

Vanquished Creatures (collateral kills)
  An ettin (D:15)
  An ogre mage (D:15)
  A hydra (D:13)
  A two-headed ogre (D:8)
  The ghost of Honkfish the Sneak, a novice TeMo (D:5)
  Prince Ribbit (D:7)
  An insubstantial wisp (Swamp:1)
  A black bear (D:9)
  An ogre (D:13)
  3 killer bees
  A scorpion (D:9)
  A hound (D:9)
  An orc priest (Orc:2)
  An orc wizard (Orc:1)
  3 worker ants
  A hound skeleton (D:4)
  A shadow imp (D:8)
  5 orcs
26 creatures vanquished.

Vanquished Creatures (others)
  A shambling mangrove (Swamp:1)
  3 ice devils (IceCv)
  A spriggan (Swamp:1)
  2 water moccasins
  4 white imps (IceCv)
  4 ufetubi (IceCv)
  2 orcs
  2 fungi
  3 plants
22 creatures vanquished.

Grand Total: 759 creatures vanquished

Notes
Turn   | Place    | Note
-------+----------+-------------------------------------------
     0 | D:1      | Alarkh the Demonspawn Chaos Knight began the quest for the
                  | Orb.
     0 | D:1      | Reached XP level 1. HP: 18/18 MP: 1/1
    31 | D:1      | XOM: divination: detect creatures
    62 | D:1      | Reached skill level 3 in Unarmed Combat
    83 | D:1      | Gained mutation: You regenerate a little health from kills.
                  | [demonic ancestry]
    83 | D:1      | Reached XP level 2. HP: 19/24 MP: 2/2
   386 | D:1      | Gained mutation: Your flesh is heat resistant. (rF+)
                  | [demonic ancestry]
   386 | D:1      | Reached XP level 3. HP: 29/29 MP: 3/3
   523 | D:2      | HP: 1/29 [worm (7)]
  1034 | D:2      | XOM: 4-stop teleportation journey
  1049 | D:2      | Noticed Robin
  1052 | D:2      | Noticed Robin
  1052 | D:2      | Robin changed into Robin the goblin
  1052 | D:2      | XOM: polymorph Robin -> Robin the goblin
  1071 | D:2      | Killed Robin the goblin
  1142 | D:2      | Reached skill level 4 in Unarmed Combat
  1142 | D:2      | Reached XP level 4. HP: 34/37 MP: 4/4
  1341 | D:2      | XOM: polymorph ball python -> rat
  1434 | D:2      | Found a runed translucent door.
  1435 | D:2      | Noticed Crazy Yiuf
  1686 | D:2      | XOM is BORED!
  1711 | D:2      | Killed Crazy Yiuf
  1845 | D:3      | Reached skill level 1 in Shields
  1879 | D:3      | Found an iron altar of Okawaru.
  1942 | D:3      | Reached XP level 5. HP: 42/42 MP: 5/5
  2174 | D:3      | XOM: 7-stop teleportation journey
  2196 | D:3      | XOM: give mutation
  2196 | D:3      | Gained mutation: You have an increased reservoir of magic.
                  | (+10% MP) [Xom's grace]
  2208 | D:3      | XOM: god gift: 12 arrows
  2475 | D:3      | XOM: scenery: create altars
  2510 | D:3      | XOM: summons 3 hostile demons
  2511 | D:3      | Noticed a chaos spawn
  2587 | D:3      | XOM: 4-stop teleportation journey
  2635 | D:3      | XOM: stat loss: -1 Str (11/12)
  2922 | D:3      | XOM: scenery: summon butterflies
  2930 | D:4      | XOM: confuse monster(s)
  3055 | D:3      | XOM: divination: detect items
  3280 | D:4      | XOM: scenery: summon butterflies
  3284 | D:3      | XOM: cleaving
  3300 | D:3      | Reached skill level 5 in Unarmed Combat
  3300 | D:3      | Reached XP level 6. HP: 36/49 MP: 6/6
  3314 | D:4      | XOM: summons friendly crimson imp
  3527 | D:4      | Found a staircase to the Ecumenical Temple.
  3560 | Temple   | Entered the Ecumenical Temple
  3917 | D:4      | XOM: give mutations
  3917 | D:4      | Gained mutation: You have sharp toenails. [Xom's grace]
  3917 | D:4      | Gained mutation: You expend magic power (3 MP) to
                  | strengthen your wands. [Xom's grace]
  3917 | D:4      | Gained mutation: You have supernaturally acute eyesight.
                  | (SInv) [Xom's grace]
  3917 | D:4      | Gained mutation: You have a pair of small antennae on your
                  | head. [Xom's grace]
  3962 | D:5      | Entered Level 5 of the Dungeon
  3995 | D:5      | Gained mutation: You are partially covered in iridescent
                  | scales. (AC +2) [demonic ancestry]
  3995 | D:5      | Reached XP level 7. HP: 43/55 MP: 7/7
  4080 | D:4      | XOM: scenery: summon butterflies
  4082 | D:5      | XOM: fog
  4158 | D:4      | XOM: silly message
  4203 | D:5      | XOM: silly message
  4293 | D:5      | Reached skill level 5 in Fighting
  4295 | D:5      | Found a shimmering blue altar of Sif Muna.
  4329 | D:5      | Found a transporter.
  4333 | D:5      | Noticed Honkfish's ghost (novice TeMo)
  4356 | D:5      | Found a transporter.
  4473 | D:5      | Reached skill level 6 in Unarmed Combat
  4520 | D:5      | Found a burning altar of Makhleb.
  4520 | D:5      | Noticed an Executioner
  4617 | D:5      | XOM: potion effect (haste)
  4678 | D:5      | Found a shimmering altar of Xom.
  4683 | D:5      | XOM: potion effect (stabbing)
  4823 | D:5      | XOM: cleaving
  4824 | D:5      | XOM: cleaving
  4826 | D:5      | XOM: divination: detect items
  4855 | D:5      | XOM: summons 7 friendly demons
  4861 | D:5      | Killed Honkfish's ghost
  4861 | D:5      | Reached skill level 7 in Unarmed Combat
  4861 | D:5      | Gained mutation: You are immune to clouds of flame.
                  | [demonic ancestry]
  4861 | D:5      | Reached XP level 8. HP: 49/64 MP: 8/8
  5027 | D:6      | XOM: noise
  5040 | D:6      | XOM: cleaving
  5062 | D:5      | XOM: cloud trail
  5425 | D:6      | Found a snail-covered altar of Cheibriados.
  5425 | D:6      | Found a sparkling altar of Nemelex Xobeh.
  5495 | D:6      | XOM: give mutations
  5495 | D:6      | Gained mutation: You are agile. (Dex +2) [Xom's grace]
  5495 | D:6      | Gained mutation: Your muscles are strong. (Str +2) [Xom's
                  | grace]
  5725 | D:6      | XOM: scenery: 1 doors close
  5876 | D:7      | XOM: butterfly on damage
  6028 | D:6      | XOM: god gift: metal-bound book {god gift}
  6035 | D:6      | Learned a level 4 spell: Olgreb's Toxic Radiance
  6061 | D:6      | XOM: 2-stop teleportation journey
  6174 | D:6      | XOM: divination: detect creatures
  6184 | D:6      | XOM: divination: detect creatures
  6265 | D:7      | Found a stormy altar of Qazlal.
  6429 | D:7      | Reached skill level 8 in Unarmed Combat
  6470 | D:7      | Noticed Prince Ribbit
  6484 | D:7      | XOM: scenery: create altars
  6489 | D:7      | XOM: fog
  6491 | D:7      | XOM: summons 8 friendly demons
  6498 | D:7      | Killed Prince Ribbit
  6533 | D:7      | Reached XP level 9. HP: 56/71 MP: 9/9
  6587 | D:7      | XOM: cast spell 'Olgreb's Toxic Radiance'
  6659 | D:7      | Reached skill level 5 in Shields
  6691 | D:7      | Found a runed translucent door.
  6692 | D:7      | Found a runed translucent gate.
  6696 | D:7      | Found a runed translucent gate.
  6702 | D:7      | Found the +9 staff of Olgreb {rPois∞}
  7020 | D:7      | Found a sacrificial altar of Ru.
  7026 | D:7      | Found a bloodstained altar of Trog.
  7026 | D:7      | Found a blossoming altar of Fedhas.
  7028 | D:7      | Found an ornate altar of the Wu Jian Council.
  7058 | D:7      | Found a runed translucent gate.
  7066 | D:7      | Found a runed translucent door.
  7098 | D:7      | Reached skill level 1 in Spellcasting
  7098 | D:7      | Reached skill level 1 in Poison Magic
  7098 | D:7      | XOM: divination: detect items
  7099 | D:7      | XOM: divination: magic mapping
  7121 | D:7      | XOM: divination: detect items
  7122 | D:7      | XOM: enchant monster (good)
  7154 | D:7      | XOM: noise
  7173 | D:7      | XOM: silly message
  7198 | D:7      | Reached skill level 9 in Unarmed Combat
  7413 | D:7      | XOM: confusion (+ monsters)
  7426 | D:7      | XOM: confuse monster(s)
  7640 | D:8      | Noticed a two-headed ogre
  7646 | D:8      | XOM: butterfly on damage
  7649 | D:8      | XOM: scenery: create altars
  7650 | D:8      | XOM: confuse monster(s)
  7654 | D:8      | Killed a two-headed ogre
  7786 | D:8      | Noticed a troll
  7788 | D:8      | XOM: noise
  7806 | D:8      | XOM: cast spell 'Leda's Liquefaction'
  7826 | D:7      | Killed a troll
  7826 | D:7      | Reached XP level 10. HP: 19/80 MP: 9/16
  8139 | D:8      | Found a staircase to the Lair.
  8144 | Lair:1   | Entered Level 1 of the Lair of Beasts
  8144 | Lair:1   | Noticed a cane toad
  8156 | Lair:1   | XOM: summons friendly iron imp
  8161 | Lair:1   | Killed a cane toad
  8218 | Lair:1   | XOM: polymorph iron imp -> lemure
  8490 | Lair:1   | Reached skill level 1 in Dodging
  8490 | Lair:1   | Reached skill level 10 in Unarmed Combat
  8625 | Lair:1   | XOM: confuse monster(s)
  8664 | Lair:1   | Noticed Xedacum's ghost (novice MiBe)
  8667 | Lair:1   | Found a runed translucent door.
  8671 | Lair:1   | XOM: 1-stop teleportation journey
  9112 | Lair:2   | XOM: polymorph bullfrog -> iguana
  9116 | Lair:2   | XOM: cast spell 'Death Channel'
  9524 | Lair:1   | XOM: swap monsters
 10016 | Lair:2   | Noticed a cane toad
 10033 | Lair:2   | XOM: divine lightning
 10035 | Lair:2   | Killed a cane toad
 10046 | Lair:2   | Noticed a black mamba
 10067 | Lair:2   | XOM: summons 10 friendly demons
 10081 | Lair:2   | Noticed a catoblepas
 10190 | Lair:1   | XOM: give mutations
 10190 | Lair:1   | Gained mutation: You are somewhat resistant to further
                  | mutation. [Xom's grace]
 10190 | Lair:1   | Gained mutation: Your flesh is very heat resistant. (rF++)
                  | [Xom's grace]
 10190 | Lair:1   | Gained mutation: You passively map a small area around you.
                  | [Xom's grace]
 10419 | Lair:2   | XOM: summons friendly quasit
 10423 | Lair:2   | XOM: polymorph quasit -> crimson imp
 10423 | Lair:2   | XOM: butterfly on damage
 10773 | Lair:2   | XOM: confuse monster(s)
 10797 | Lair:2   | Killed a catoblepas
 10797 | Lair:2   | Mutation became permanent: You have sharp toenails.
                  | [demonic ancestry]
 10797 | Lair:2   | Gained mutation: You have sharp toenails. [demonic
                  | ancestry]
 10797 | Lair:2   | Reached XP level 11. HP: 59/87 MP: 19/19
 10860 | Lair:2   | Reached skill level 5 in Poison Magic
 10877 | Lair:2   | XOM: 1-stop teleportation journey
 10888 | Lair:2   | XOM: polymorph water moccasin -> centaur
 11037 | Lair:2   | XOM: scenery: create altars
 11085 | Lair:2   | XOM: potion effect (brilliance)
 11262 | Lair:2   | Noticed a five-headed hydra
 11338 | Lair:2   | Killed a five-headed hydra
 11340 | Lair:2   | XOM: god gift: potion of cancellation
 11491 | Lair:2   | Got a steaming long sword
 11492 | Lair:2   | Identified the cursed +0 long sword of Zin's Castigation
                  | {flame, rPois MR+ Dex+3} (You found it on level 2 of the
                  | Lair of Beasts)
 11494 | Lair:2   | XOM: divination: magic mapping
 11651 | Lair:2   | Reached skill level 11 in Unarmed Combat
 12067 | D:8      | XOM: silly message
 12347 | D:9      | XOM: 2-stop teleportation journey
 12350 | D:9      | XOM: polymorph ufetubus -> white imp
 12358 | D:9      | Reached skill level 5 in Spellcasting
 12366 | D:9      | Found a blossoming altar of Fedhas.
 12906 | D:9      | XOM: divination: detect items
 12995 | D:9      | Learned a level 3 spell: Conjure Flame
 12996 | D:9      | XOM: divination: detect items
 13058 | D:9      | Found a glowing silver altar of Zin.
 13167 | D:10     | Entered Level 10 of the Dungeon
 13231 | D:10     | Found a staircase to the Orcish Mines.
 13351 | D:10     | XOM: confuse monster(s)
 13400 | D:10     | XOM: scenery: summon butterflies
 13802 | D:11     | XOM: scenery: 1 doors open, 3 doors close
 13870 | D:11     | Noticed a white ugly thing
 13880 | D:11     | XOM: god gift: 510 gold pieces
 13883 | D:11     | XOM: enchant monster (bad)
 13893 | D:11     | XOM: cast spell 'Cause Fear'
 14340 | D:12     | XOM: noise
 14364 | D:12     | XOM: enchant monster (bad)
 14366 | D:12     | XOM: cast spell 'Cause Fear'
 14373 | D:12     | Paralysed by a hornet for 3 turns
 14383 | D:12     | XOM: noise
 14391 | D:12     | Reached skill level 1 in Conjurations
 14457 | D:12     | Reached skill level 1 in Fire Magic
 14492 | D:12     | Noticed a purple very ugly thing
 14494 | D:12     | Identified the cursed +3 demon blade of Ashenzari's Favour
                  | {distort, *Corrode rN++ Str+4}
 14494 | D:12     | Noticed a deep elf knight
 14496 | D:12     | Found a transporter.
 14497 | D:12     | Found a one-way gate to the infinite horrors of the Abyss.
 14497 | D:12     | Noticed Oghaenk's ghost (journeyman GrBe)
 14514 | D:12     | XOM: enchant monster (good)
 14533 | D:12     | XOM: blink monster(s)
 14534 | D:12     | Noticed an unseen horror
 14536 | D:12     | Noticed a rakshasa
 14539 | D:12     | XOM: noise
 14550 | D:12     | XOM: cast spell 'Summon Small Mammal'
 14564 | D:12     | XOM: confuse monster(s)
 14567 | D:12     | XOM: cast spell 'Leda's Liquefaction'
 14574 | D:12     | Reached XP level 12. HP: 77/95 MP: 16/22
 14582 | D:12     | XOM: summons friendly rust devil
 14610 | D:12     | Found a transporter.
 14668 | D:12     | XOM: divination: magic mapping
 14728 | D:12     | XOM: polymorph enormous slime creature -> glowing
                  | shapeshifter
 14732 | D:12     | XOM: polymorph fire crab -> glowing shapeshifter
 14732 | D:12     | Noticed a spark wasp
 14732 | D:12     | a glowing shapeshifter changed into a spark wasp
 14735 | D:12     | Noticed an alligator
 14735 | D:12     | a spark wasp changed into an alligator
 14736 | D:12     | an alligator changed into a shock serpent
 15136 | D:12     | Got a slimy helmet
 15320 | D:13     | Noticed a two-headed ogre
 15327 | D:13     | XOM: scenery: summon butterflies
 15333 | D:13     | Killed a two-headed ogre
 15333 | D:13     | Reached skill level 1 in Evocations
 15462 | D:13     | Noticed a centaur warrior
 15494 | D:13     | XOM: cleaving
 15505 | D:13     | Killed a centaur warrior
 15540 | D:13     | XOM: confuse monster(s)
 15694 | D:13     | Found a shadowy altar of Dithmenos.
 15724 | D:13     | Noticed Nessos
 15738 | D:13     | Killed Nessos
 15834 | D:14     | XOM: cleaving
 15891 | D:14     | Noticed a centaur warrior
 15904 | D:14     | XOM: 6-stop teleportation journey
 15921 | D:14     | XOM: god gift: scroll of fear
 15932 | D:14     | Reached skill level 5 in Armour
 16040 | D:14     | Noticed an ironheart preserver
 16071 | D:14     | XOM: destruction
 16073 | D:14     | Noticed a six-headed hydra
 16073 | D:14     | an ironheart preserver changed into a six-headed hydra
 16073 | D:14     | XOM: polymorph ironheart preserver -> six-headed hydra
 16286 | D:13     | XOM: enchant monster (bad)
 16288 | D:13     | XOM: enchant monster (bad)
 16388 | D:13     | XOM: scenery: create altars
 16583 | Lair:1   | XOM: enchant monster (good)
 16594 | Lair:1   | Reached skill level 13 in Unarmed Combat
 16594 | Lair:1   | Gained mutation: You are mostly covered in iridescent
                  | scales. (AC +4) [demonic ancestry]
 16594 | Lair:1   | Reached XP level 13. HP: 82/101 MP: 19/24
 16636 | Lair:1   | XOM: divination: magic mapping
 16659 | Lair:1   | Killed Xedacum's ghost
 16861 | Lair:3   | Got a twisted leather armour
 16872 | Lair:3   | Identified the +3 leather armour of Gluttony {rC+} (You
                  | found it on level 3 of the Lair of Beasts)
 16966 | Lair:3   | XOM: silly message
 17006 | Lair:3   | Reached skill level 5 in Dodging
 17039 | Lair:3   | XOM: potion effect (haste)
 17393 | Lair:3   | XOM: silly message
 17461 | Lair:4   | Gained mutation: Your demonic aura causes spilled blood to
                  | erupt in flames. [demonic ancestry]
 17461 | Lair:4   | Reached XP level 14. HP: 109/109 MP: 25/25
 17466 | Lair:4   | Found a hole to the Spider Nest.
 17603 | Lair:4   | Found a staircase to the Swamp.
 17605 | Lair:4   | XOM: divination: detect creatures
 17644 | Lair:4   | XOM: fog
 17879 | Lair:4   | XOM: fog
 17887 | Lair:4   | XOM: divination: detect items
 17905 | Lair:4   | XOM: cast spell 'Call Canine Familiar'
 17959 | Lair:4   | Noticed Urug
 17971 | Lair:4   | Killed Urug
 18100 | Lair:4   | XOM: god gift: 12 sling bullets
 18261 | Lair:5   | XOM: stealth player
 18328 | Lair:5   | XOM: god gift: potion of degeneration
 18331 | Lair:5   | Found a viscous altar of Jiyva.
 18332 | Lair:5   | Found a staircase to the Slime Pits.
 18413 | Lair:5   | XOM: scenery: summon butterflies
 18438 | Lair:5   | XOM: 1-stop teleportation journey
 18466 | Lair:5   | XOM: give mutations
 18466 | Lair:5   | Lost mutation: You expend magic power (3 MP) to strengthen
                  | your wands. [Xom's mischief]
 18466 | Lair:5   | Lost mutation: You have an increased reservoir of magic.
                  | (+10% MP) [Xom's mischief]
 18466 | Lair:5   | Gained mutation: You are very agile. (Dex +4) [Xom's
                  | mischief]
 18466 | Lair:5   | Gained mutation: You can translocate small distances at
                  | will. [Xom's mischief]
 18572 | Lair:5   | Reached skill level 10 in Fighting
 18939 | Lair:6   | Entered Level 6 of the Lair of Beasts
 19265 | Lair:6   | XOM: confuse monster(s)
 19266 | Lair:6   | XOM: enchant monster (good)
 19276 | Lair:6   | XOM: cast spell 'Metabolic Englaciation'
 19391 | Lair:6   | XOM: polymorph lindwurm -> manticore
 19392 | Lair:6   | XOM: destruction
 19399 | Lair:6   | XOM: summons 2 friendly demons
 19400 | Lair:6   | XOM: enchant monster (good)
 19405 | Lair:6   | XOM: confusion (+ monsters)
 19419 | Lair:6   | XOM: silly message
 19601 | Lair:6   | XOM: silly message
 19783 | Lair:6   | XOM: silly message
 19791 | Lair:6   | Reached skill level 14 in Unarmed Combat
 20051 | Orc:1    | Entered Level 1 of the Orcish Mines
 20063 | Orc:1    | Found a frozen archway.
 20124 | IceCv    | Entered an ice cave
 20135 | IceCv    | XOM: silly message
 20393 | IceCv    | XOM: potion effect (curing)
 20631 | IceCv    | XOM: divination: detect creatures
 20649 | IceCv    | XOM: divine lightning
 20660 | IceCv    | XOM: summons 4 friendly demons
 20770 | IceCv    | Gained mutation: You have razor-sharp toenails. [demonic
                  | ancestry]
 20770 | IceCv    | Reached XP level 15. HP: 87/117 MP: 25/25
 20771 | IceCv    | XOM: cleaving
 20949 | IceCv    | XOM: enchant monster (good)
 21057 | IceCv    | XOM: enchant monster (bad)
 21063 | IceCv    | XOM: confuse monster(s)
 21072 | IceCv    | XOM: summons friendly quasit
 21074 | IceCv    | XOM: confuse monster(s)
 21256 | IceCv    | XOM: scenery: create altars
 21257 | IceCv    | Reached skill level 5 in Evocations
 21407 | Orc:1    | Noticed Nergalle
 21411 | Orc:1    | Found Bias's Weapon Emporium.
 21412 | Orc:1    | XOM: destruction
 21419 | Orc:1    | XOM: cast spell 'Death Channel'
 21424 | Orc:1    | Killed Nergalle
 21513 | Orc:1    | Found a roughly hewn altar of Beogh.
 21681 | Orc:2    | Entered Level 2 of the Orcish Mines
 21681 | Orc:2    | Found a staircase to the Elven Halls.
 21681 | Orc:2    | Noticed an orc warlord
 21682 | Orc:2    | XOM: cast spell 'Shadow Creatures'
 21723 | Orc:2    | XOM: summons friendly white imp
 21738 | Orc:2    | XOM: summons friendly white imp
 21755 | Orc:1    | Killed an orc warlord
 21763 | Orc:2    | XOM: polymorph orc warrior -> boggart
 21764 | Orc:2    | XOM: enchant monster (good)
 21772 | Orc:2    | XOM: draining
 21782 | Orc:2    | XOM: fog
 21938 | Orc:2    | Noticed an orc warlord
 21954 | Orc:2    | XOM: confusion
 21958 | Orc:2    | XOM: summons 1 hostile demon
 21963 | Orc:2    | XOM: noise
 21972 | Orc:2    | Killed an orc warlord
 21979 | Orc:2    | XOM: enchant monster (bad)
 22045 | Orc:2    | Found Suteataa's Mayhem Merchandise.
 22103 | Orc:2    | XOM: summons 8 hostile demons
 22168 | Orc:2    | Found Xostakh's Magic Scroll Boutique.
 22223 | Orc:2    | XOM: smoke on damage
 22226 | Orc:2    | XOM: give mutations
 22226 | Orc:2    | Lost mutation: You passively map a small area around you.
                  | [Xom's mischief]
 22226 | Orc:2    | Gained mutation: You are frail. (-10% HP) [Xom's mischief]
 22263 | Orc:2    | Found Jeho's Weapon Emporium.
 22263 | Orc:2    | Found Xoiduruo's Distillery.
 22263 | Orc:2    | Found Jatru's Jewellery Shoppe.
 22273 | Orc:2    | Found Iniynome's Jewellery Emporium.
 22286 | Orc:2    | Bought the +8 lance "Wyrmbane" {slay drac, rPois rF+ rC+
                  | AC+3} for 1292 gold pieces
 22286 | Orc:2    | Found the +8 lance "Wyrmbane" {slay drac, rPois rF+ rC+
                  | AC+3}
 22289 | Orc:2    | Bought a potion of might for 40 gold pieces
 22289 | Orc:2    | Bought 2 potions of heal wounds for 100 gold pieces
 22603 | D:11     | Reached skill level 1 in Polearms
 22669 | D:13     | XOM: chaos upgrade
 22670 | D:13     | XOM: enchant monster (good)
 22845 | D:14     | Noticed Snorg
 22859 | D:14     | Killed Snorg
 23094 | D:14     | Found a gate to the Vaults.
 23139 | D:14     | XOM: noise
 23354 | D:15     | Entered Level 15 of the Dungeon
 23692 | D:15     | XOM: 3-stop teleportation journey
 23748 | D:15     | XOM: summons 15 friendly demons
 23752 | D:15     | XOM: summons friendly quasit
 23855 | D:15     | XOM: polymorph green ugly thing -> brown ugly thing
 24005 | D:15     | XOM: give mutation
 24005 | D:15     | Gained mutation: You have an increased reservoir of magic.
                  | (+10% MP) [Xom's grace]
 24153 | D:15     | XOM: summons 4 friendly demons
 24171 | D:15     | Found a staircase to the Depths.
 24543 | Lair:2   | XOM: god gift: 19 arrows
 24630 | Swamp:1  | Entered Level 1 of the Swamp
 24637 | Swamp:1  | XOM: polymorph cane toad -> cane toad
 24661 | Swamp:1  | XOM: enchant monster (good)
 24679 | Swamp:1  | XOM: enchant monster (good)
 24683 | Swamp:1  | XOM: summons 2 friendly demons
 24946 | Swamp:1  | XOM: divination: detect creatures
 25000 | Swamp:1  | XOM: confuse monster(s)
 25145 | Swamp:1  | XOM: enchant monster (bad)
 25276 | Lair:4   | XOM: confusion (+ monsters)
 25413 | Lair:4   | XOM: give mutations
 25413 | Lair:4   | Gained mutation: Your natural rate of healing is unusually
                  | fast. [Xom's mischief]
 25413 | Lair:4   | Lost mutation: Your natural rate of healing is unusually
                  | fast. [Xom's mischief]
 25413 | Lair:4   | Lost mutation: Your flesh is very heat resistant. (rF++)
                  | [Xom's mischief]
 25460 | Swamp:1  | XOM: silly message
 25487 | Swamp:1  | HP: 5/105 [shambling mangrove (14)]
 25487 | Swamp:1  | Mangled by a shambling mangrove

Illustrated notes

Levels and vault maps discovered:
D:1:      minmay_arrival_loop, layout_basic
D:2:      layout_loops_ring, uniq_robin, uniq_crazy_yiuf_cottage
D:3:      layout_loops_ring, okawaru_ov_weapons_minmay
D:4:      layout_rooms, minmay_temple_entry_glass
D:5:      layout_rooms, lemuel_doored_altar, led_xom_imps,
          makhleb_altar_promises_db, gammafunk_ghost_stat_death
D:6:      layout_basic, gammafunk_temple_overflow_elements
D:7:      layout_cave_pods, kennysheep_mini, minitemple,
          minmay_guarded_unrand_staff_of_olgreb, uniq_prince_ribbit1
D:8:      layout_loops_ring, lair_entry_dummy
D:9:      layout_cave_pods, zin_scriptorium, fedhas_altar_3
D:10:     layout_cave_pools, david_orc_2
D:11:     layout_roguey
D:12:     layout_loops_ring, gammafunk_ghost_abyssal_escape,
          serial_park_tiny_pond
D:13:     layout_basic, minmay_tree_intersection, serial_bayou_pond_e,
          minmay_holes, nicolae_dithmenos_through_a_glass_darkly, uniq_nessos
D:14:     layout_rooms, skrybe_vaults_entry_preservation,
          minmay_misc_feat_columns, uniq_snorg
D:15:     hangedman_depths_entry_civil_slaughter, layout_irregular_city,
          hangedman_decor_diamond_cutter, solitary_fountain, st_stairs_13
Temple:   minmay_temple_curvy_loop
Lair:1:   layout_cellular_growth, hellmonk_ghost_happy_afterlife,
          infiniplex_staircase_pool_2, grunt_megastairs_4, lemuel_fruit_fields
Lair:2:   layout_cave_pods, chequers_serial_rivers_micro_d, nzn_random_ring
Lair:3:   layout_roguey, lemuel_fruit_fields
Lair:4:   layout_gridlike, minmay_swamp_entry_worms, dummy_spider_entry,
          lemuel_fruit_tree, uniq_urug
Lair:5:   layout_long_grid, slime_altar_1
Lair:6:   hangedman_lair_in_review, layout_gridlike
Swamp:1:  layout_falls_marsh, evilmike_swamp_ruin_house_6, swamp_pool1,
          cheibrodos_swamp_pet_leeches, uniq_jorgrun
Orc:1:    layout_diamond_mine, portal_ice_cave_entry_pillars_1, serial_shops,
          shop, nicolae_orc_lost_temple, uniq_nergalle
Orc:2:    st_orc_mages, layout_caves, serial_shops, nicolae_shop_crystal,
          minmay_shop_mayhem

Skill      XL: |  1  2  3  4  5  6  7  8  9 10 11 12 13 14 15 |
---------------+----------------------------------------------+-----
Unarmed Combat | 3 4 5 7 8 9 10 11 13 14 | 14.6
Shields        | 1 2 4 5 6 7 8 |  8.7
Fighting       | 4 5 6 7 8 9 10 | 10.9
Spellcasting   | 3 4 5 6 7 |  7.9
Poison Magic   | 3 4 6 7 8 |  8.6
Dodging        | 2 4 5 6 7 |  7.1
Armour         | 3 4 5 6 7 |  7.3
Conjurations   | 1 3 4 |  4.0
Fire Magic     | 1 2 3 4 |  4.0
Evocations     | 2 4 6 |  6.0
Polearms       | 3 |  3.4

Action                   |  1- 3 |  4- 6 |  7- 9 | 10-12 | 13-15 || total
-------------------------+-------+-------+-------+-------+-------++-------
Melee: Unarmed           |   136 |   325 |   465 |   973 |  1454 ||  3353
       Kick              |       |    11 |   149 |   326 |       ||   486
       Long sword        |       |       |       |     1 |       ||     1
       Lance             |       |       |       |       |   109 ||   109
 Cast: Conjure Flame     |       |       |       |       |     3 ||     3
Evoke: Wand              |       |       |     2 |     5 |     6 ||    13
       Lightning rod     |       |       |       |       |     4 ||     4
  Use: Potion            |     2 |     4 |     6 |     6 |     4 ||    22
       Scroll            |       |       |     2 |    17 |    12 ||    31
 Stab: Sleeping          |     1 |       |       |     2 |       ||     3
       Confused          |       |     1 |     1 |    10 |     2 ||    14
       Invisible         |       |       |     4 |       |       ||     4
       Paralysed         |       |       |     6 |    11 |     8 ||    25
       Petrified         |       |       |       |       |     2 ||     2
       Petrifying        |       |       |       |       |     1 ||     1
Armor: Leather armour    |    58 |   105 |   140 |   116 |       ||   419
       Troll leather arm |       |       |       |   121 |   298 ||   419
Dodge: Dodged            |    63 |   127 |   182 |   551 |   740 ||  1663
Block: Buckler           |     2 |    81 |   129 |   346 |   838 ||  1396
       Reflection        |       |       |       |       |    30 ||    30

Table legend: (Time is in decaauts)
 A = Elapsed time spent in this place.
 B = Non-inter-level travel time spent in this place.
 C = Inter-level travel time spent in this place.
 D = Time resting spent in this place.
 E = Time spent auto-exploring this place.
 F = Levels seen in this place.
 G = Mean time per level.
                   A        B        C        D        E       F      G
               +--------+--------+--------+--------+--------+-----+--------+
         Total |  24874 |  23092 |   1782 |   4558 |  12609 |  26 |  956.7 |
       Dungeon |  14272 |  13202 |   1070 |   2447 |   7615 |  15 |  951.5 |
        Temple |    208 |    184 |     24 |      0 |    184 |   1 |  208.0 |
          Lair |   7537 |   6910 |    627 |   1478 |   3949 |   6 | 1256.2 |
         Swamp |    462 |    461 |      1 |     69 |    164 |   1 |  462.0 |
  Orcish Mines |   1190 |   1132 |     58 |     30 |    570 |   2 |  595.0 |
      Ice Cave |   1203 |   1203 |      0 |    534 |    127 |   1 | 1203.0 |
               +--------+--------+--------+--------+--------+-----+--------+

Top non-repeatable levels by time:
  Lair:1: 2365 daAuts
  Lair:2: 1713 daAuts
     D:7: 1679 daAuts
     D:3: 1383 daAuts
     D:2: 1312 daAuts
  Lair:4: 1300 daAuts
   IceCv: 1203 daAuts
    D:15: 1002 daAuts
     D:6: 1000 daAuts
    D:13: 994 daAuts
    D:12: 965 daAuts
     D:5: 933 daAuts
     D:9: 897 daAuts
  Lair:6: 889 daAuts
    D:14: 829 daAuts
